 Dungeon Crawl Stone Soup version 0.29.0-4-gdea44cf6ec (webtiles) character file.

Game seed: 13919167186686931321

12853 drpainis the Protected (level 11, 0/148 HPs)
             Began as a Minotaur Berserker on Aug 27, 2022.
             Was a Priest of Trog.
             Slain by a basilisk (2 damage)
             ... on level 10 of the Dungeon.
             The game lasted 00:13:53 (12825 turns).

drpainis the Protected (Minotaur Berserker)        Turns: 12825, Time: 00:13:54

Health: 0/148      AC: 21    Str: 25    XL:     11   Next: 67%
Magic:  10/10      EV:  9    Int:  4    God:    Trog [***...]
Gold:   310        SH:  4    Dex: 11    Spells: 10/10 levels left

rFire   . . .      SeeInvis .   z - +6 rapier (venom)
rCold   . . .      Faith    .   K - +0 buckler
rNeg    . . .      Spirit   .   T - +0 plate armour
rPois   .          Reflect  .   (helmet restricted)
rElec   .          Harm     .   (no cloak)
rCorr   .          Rampage  .   P - +0 pair of gloves
Will    ++...                   (no boots)
Stlth   ..........              N - amulet of regeneration
HPRegen 2.14/turn               h - +4 ring of protection
MPRegen 0.12/turn               m - +4 ring of slaying

@: berserking (expiring), lethally poisoned (0 -> -4), strong-willed,
regenerating, studying Armour, very quick
A: horns 2, retaliatory headbutt
a: Renounce Religion, Berserk, Trog's Hand


You were on level 10 of the Dungeon.
You worshipped Trog.
Trog was most pleased with you.
You visited 1 branch of the dungeon, and saw 10 of its levels.

You collected 700 gold pieces.
You spent 390 gold pieces at shops.

Inventory:

Hand Weapons
 a - a +0 hand axe
 z - a +6 rapier of venom (weapon)
 M - the +2 rapier of the Tentacled God {pain, rC- Str+7 Int+3}
   (You found it on level 8 of the Dungeon)

   In the hands of one skilled in necromantic magic, it inflicts extra damage on
   living creatures.
   Str:       It affects your strength (+7).
   Int:       It affects your intelligence (+3).
   rC:        It makes you vulnerable to cold.
   Trog disapproves of the use of such an item.
Armour
 b - a +0 animal skin
 v - a +0 chain mail
 K - a +0 buckler (worn)
 P - a +0 pair of gloves (worn)
 T - a +0 plate armour (worn)
Jewellery
 e - a ring of protection from fire
 h - a +4 ring of protection (left hand)
 m - a +4 ring of slaying (right hand)
 n - a ring of resist corrosion
 B - an amulet of faith
 E - a ring of see invisible
 N - an amulet of regeneration (around neck)
 O - a ring of protection from fire
Wands
 o - a wand of quicksilver (10)
 x - a wand of iceblast (23)
 G - a wand of digging (4)
 J - a wand of flame (18)
Scrolls
 c - a scroll of brand weapon {unknown}
 g - a scroll of acquirement {unknown}
 p - 2 scrolls of vulnerability
 q - 4 scrolls of amnesia
 t - 2 scrolls of noise
 w - a scroll of magic mapping {unknown}
 y - a scroll of torment {unknown}
 A - a scroll of immolation {unknown}
 F - 3 scrolls of blinking
 H - 2 scrolls of teleportation
 Q - 2 scrolls of identify
 R - a scroll of summoning {unknown}
Potions
 d - 4 potions of curing
 f - a potion of invisibility {unknown}
 i - a potion of degeneration {unknown}
 j - a potion of magic {unknown}
 k - 2 potions of ambrosia
 l - a potion of resistance {unknown}
 r - a potion of lignification {unknown}
 s - 2 potions of flight
 u - 5 potions of heal wounds
 C - a potion of haste
 D - 3 potions of might {unknown}
 I - a potion of brilliance {unknown}
 L - a potion of berserk rage {unknown}
 S - 2 potions of attraction {unknown}


   Skills:
 + Level 10.1 Fighting
 + Level 11.6 Short Blades
 + Level 10.1 Axes
 + Level 13.4 Armour
 + Level 5.7 Dodging
 + Level 3.1 Stealth
 + Level 1.8 Shields


You had 10 spell levels left.
You didn't know any spells.
Your spell library was empty.

Dungeon Overview and Level Annotations

Branches:
Dungeon (10/15)            Temple (0/1) D:5            Lair (0/5) D:10
    Orc: D:9-12

Altars:
Cheibriados
Dithmenos
Elyvilon
Kikubaaqudgha
Ru
Sif Muna
Vehumet
Wu Jian
Yredelemnul

Shops:
D:1 :   D:8 =

Annotations:
D:8 2 transporters, Zeldest's ghost, novice TrFi


Innate Abilities, Weirdness & Mutations

You have a pair of horns on your head.
You reflexively headbutt those who attack you in melee.


Message History

Reactivating autopickup.
The water moccasin bites you.
* * * LOW HITPOINT WARNING * * *
You are lethally poisoned!
The water moccasin poisons you!
You barely miss the yak. You headbutt the yak!
The yak is heavily wounded.
* * * LOW HITPOINT WARNING * * *
You feel very sick.
Your two-headed ogre hits the yak with a +0 great mace!!!
The yak dies!
Trog accepts your kill.
You puncture the yak!
The yak looks as sick as possible!
Your headbutt misses the yak.
The yak is almost dead.
* * * LOW HITPOINT WARNING * * *
You feel very sick.
The water moccasin bites you but does no damage.
The yak gores you.
* * * LOW HITPOINT WARNING * * *
The basilisk bites the bush!
The shadow hits you.
You impale the shadow!! You headbutt the shadow!
You destroy the shadow!
Trog accepts your kill.
* * * LOW HITPOINT WARNING * * *
You feel sick.
The water moccasin bites you but does no damage.
* * * LOW HITPOINT WARNING * * *
You feel very sick.
You kill the yak!
Trog accepts your kill.
The basilisk bites you but does no damage. x2
Your two-headed ogre hits the water moccasin with a +0 great mace!!!
The water moccasin dies!
Trog accepts your kill.
You feel a strong urge to attack something.
* * * LOW HITPOINT WARNING * * *
You feel very sick. The basilisk bites you.
You die...

.........P......
.......PP.P......
#.....#.....P....
##................
.......P..♣...♣...
.......P......>.♣.
#.....P.†O....P..
.##.......@l..PP..
.......<.†l♣......
..........P.P.....
.........P....♣P..
........#..P.P...♣
.........#....P...
..................
..................
..................


You could see 2 basilisks and a friendly two-headed ogre (summoned, berserk).

Vanquished Creatures
  Erolcha (D:9)
  Erica (D:8)
  2 two-headed ogres
  Pikel (D:6)
  Joseph (D:7)
  A komodo dragon (D:6)
  Maggie (D:6)
  A troll (D:9)
  A shadow (D:10)
  The ghost of BuzzyBeetle the Covert, an amateur KoBr (D:4)
  A wyvern (D:8)
  16 yaks
  A vampire (D:9)
  Grum (D:9)
  Eustachio (D:4)
  2 basilisks (D:10)
  2 acid dragons
  5 water moccasins
  4 ice beasts
  A hornet zombie (D:6)
  A sky beast (D:7)
  2 orc warriors
  6 ogres
  4 wolves (D:9)
  2 centaurs
  3 lemures (D:6)
  A phantom (D:5)
  2 bullfrogs
  A necrophage (D:6)
  2 gnoll sergeants
  A wyvern zombie (D:6)
  2 wights (D:8)
  6 killer bees (D:8)
  2 howler monkeys
  2 electric eels (D:8)
  A human zombie (D:6)
  2 bullfrog zombies (D:6)
  6 hounds
  2 jellies
  2 gnoll boudas
  6 orc priests
  Jessica (D:2)
  4 iguanas
  8 orc wizards
  3 killer bee zombies (D:6)
  4 mummies (D:6)
  17 gnolls
  13 adders
  2 river rats (D:5)
  2 shadow imps
  3 white imps
  6 worms
  4 dart slugs
  46 orcs
  4 ball pythons
  10 endoplasms
  3 giant cockroaches
  11 goblins
  8 hobgoblins
  2 jackals (D:3)
  5 quokkas
  6 bats
  2 frilled lizards
  7 kobolds
  5 rats
277 creatures vanquished.

Vanquished Creatures (collateral kills)
  3 yaks (D:10)
  2 water moccasins (D:10)
  A centaur (D:6)
  A necrophage (D:6)
7 creatures vanquished.

Vanquished Creatures (others)
  2 fungi (D:10)
  11 plants
13 creatures vanquished.

Grand Total: 297 creatures vanquished

Notes
Turn   | Place    | Note
-------+----------+-------------------------------------------
     0 | D:1      | drpainis the Minotaur Berserker began the quest for the
                  | Orb.
     0 | D:1      | Reached XP level 1. HP: 19/19 MP: 0/0
    14 | D:1      | HP: 1/20 [gnoll/+0 flail (10)]
    16 | D:1      | Reached XP level 2. HP: 2/27 MP: 1/1
   713 | D:1      | Found Basiz's Book Shoppe.
   884 | D:1      | Reached XP level 3. HP: 30/30 MP: 2/2
  1068 | D:1      | Found a faded altar of an unknown god.
  1656 | D:2      | Reached XP level 4. HP: 38/41 MP: 3/3
  1769 | D:2      | Found a snail-covered altar of Cheibriados.
  1883 | D:2      | Noticed Jessica
  1901 | D:2      | Killed Jessica
  1901 | D:2      | Reached ** piety under Trog
  1902 | D:2      | Reached skill level 5 in Axes
  2482 | D:3      | Reached XP level 5. HP: 36/47 MP: 4/4
  2693 | D:3      | Reached skill level 5 in Fighting
  3103 | D:3      | Noticed a water moccasin
  3110 | D:3      | Killed a water moccasin
  3111 | D:3      | Reached skill level 1 in Stealth
  3111 | D:3      | Reached XP level 6. HP: 30/56 MP: 5/5
  3399 | D:3      | Reached *** piety under Trog
  3850 | D:4      | Noticed Eustachio
  3865 | D:4      | Killed Eustachio
  4012 | D:4      | Reached XP level 7. HP: 61/61 MP: 6/6
  4049 | D:4      | Reached skill level 3 in Armour
  4271 | D:4      | Found a runed translucent door.
  4382 | D:4      | Identified the +2 leather armour of the Other Side {rC+}
  4696 | D:4      | Noticed BuzzyBeetle's ghost (amateur KoBr)
  4702 | D:4      | Killed BuzzyBeetle's ghost
  4725 | D:5      | Entered Level 5 of the Dungeon
  4760 | D:5      | Reached XP level 8. HP: 9/70 MP: 7/7
  5172 | D:5      | Reached skill level 4 in Armour
  5371 | D:5      | Reached skill level 5 in Armour
  5438 | D:5      | Reached skill level 1 in Short Blades
  5916 | D:5      | Found a staircase to the Ecumenical Temple.
  6046 | D:5      | Reached skill level 10 in Axes
  6374 | D:5      | Found a shadowy altar of Dithmenos.
  6423 | D:6      | Reached **** piety under Trog
  6527 | D:6      | Reached XP level 9. HP: 67/79 MP: 8/8
  6668 | D:6      | Found an ancient bone altar of Kikubaaqudgha.
  6676 | D:6      | Reached skill level 6 in Armour
  6811 | D:6      | Found a basalt altar of Yredelemnul.
  6819 | D:6      | Noticed Pikel
  6833 | D:6      | Killed Pikel
  6834 | D:6      | Reached skill level 5 in Short Blades
  7181 | D:6      | Found a white marble altar of Elyvilon.
  7451 | D:6      | Reached skill level 7 in Armour
  7472 | D:6      | Found a shimmering blue altar of Sif Muna.
  7598 | D:6      | Noticed Maggie
  7601 | D:6      | Noticed a komodo dragon
  7610 | D:6      | Killed Maggie
  7614 | D:6      | Killed a komodo dragon
  7625 | D:6      | Reached XP level 10. HP: 26/88 MP: 9/9
  8117 | D:6      | Found an ornate altar of the Wu Jian Council.
  8365 | D:7      | Noticed a two-headed ogre
  8375 | D:7      | Killed a two-headed ogre
  8376 | D:7      | Reached skill level 8 in Armour
  8376 | D:7      | Reached skill level 5 in Dodging
  8483 | D:7      | Noticed Joseph
  8497 | D:7      | Killed Joseph
  8498 | D:7      | Reached skill level 9 in Armour
 10405 | D:8      | Identified the +2 rapier of the Tentacled God {pain, rC-
                  | Str+7 Int+3}
 10504 | D:8      | Reached skill level 10 in Armour
 10951 | D:8      | Found Golag's Jewellery Emporium.
 10954 | D:8      | Bought an amulet of regeneration for 390 gold pieces
 11107 | D:8      | Noticed Erica
 11122 | D:8      | Killed Erica
 11171 | D:8      | Reached skill level 11 in Armour
 11324 | D:8      | Found a radiant altar of Vehumet.
 11561 | D:8      | Noticed Zeldest's ghost (novice TrFi)
 11686 | D:8      | Found a transporter.
 11686 | D:8      | Found a transporter.
 11686 | D:8      | Noticed a two-headed ogre
 12064 | D:9      | Noticed a two-headed ogre
 12073 | D:9      | Killed a two-headed ogre
 12074 | D:9      | Reached XP level 11. HP: 97/97 MP: 10/10
 12149 | D:9      | Found a snail-covered altar of Cheibriados.
 12249 | D:9      | Reached skill level 1 in Shields
 12256 | D:9      | Reached skill level 10 in Short Blades
 12261 | D:9      | Reached skill level 12 in Armour
 12315 | D:9      | Noticed Erolcha
 12343 | D:9      | Killed Erolcha
 12413 | D:9      | Found a sacrificial altar of Ru.
 12539 | D:9      | Noticed Grum
 12545 | D:9      | Killed Grum
 12793 | D:10     | Entered Level 10 of the Dungeon
 12793 | D:10     | Found a staircase to the Lair.
 12817 | D:10     | Reached skill level 10 in Fighting
 12817 | D:10     | Reached skill level 13 in Armour
 12823 | D:10     | HP: 7/148 [poisoned by a water moccasin]
 12825 | D:10     | HP: 2/148 [poisoned by a water moccasin]
 12825 | D:10     | Slain by a basilisk

Illustrated notes

Levels and vault maps discovered:
D:1:      tarquinn_simple_flora_water_f, layout_basic,
          shapermc_ecumenical_altar_ellora, serial_shops,
          nicolae_shop_hallway_stairs, corexii_corridor_pit
D:2:      layout_loops_cross, basic_altar, uniq_jessica
D:3:      layout_rooms, minmay_liquid_box, amcnicky_mini_pool_small,
          minmay_joined_circles
D:4:      layout_rooms, ebering_ghost_reflecting_pool, guppyfry_early_lair_pool,
          uniq_eustachio
D:5:      layout_cave_pods, grunt_dithmenos_shadows, minmay_temple_entry_hall,
          lightli_sewer_entry_pipes
D:6:      layout_loops_cross, lemuel_mausoleum_altar_kikubaaqudgha,
          mainiacjoe_overflow_alcove_2, nicolae_wu_jian_glorious_leap,
          led_sif_pool, overflow_temple_1_default, minmay_manual_maat,
          uniq_maggie, uniq_pikel
D:7:      layout_cave_pods, kennysheep_cross_room, uniq_joseph
D:8:      statuecave_lemuel, layout_basic, mainiacjoe_overflow_surrounded_room,
          serial_shops, shop, gammafunk_ghost_smash, uniq_erica
D:9:      layout_basic, cheibrodos_worm_habitat, nicolae_ru_awakened_eye,
          uniq_grum, uniq_erolcha
D:10:     layout_cross, grunt_ashenzari_visionary
          [grunt_ashenzari_visionary_shoals, grunt_ashenzari_visionary_snake],
          okawaru_gym_becter, grunt_temple_overflow_open,
          minmay_lair_entry_grove, orc_david_3, enter_bailey_4, serial_shops,
          nicolae_lakefront_shop

Skill      XL: |  1  2  3  4  5  6  7  8  9 10 11 |
---------------+----------------------------------+-----
Fighting       | 4 5 6 7 8 9 10 | 10.1
Axes           | 4 5 6 7 8 10 | 10.1
Dodging        | 3 4 5 |  5.7
Stealth        | 1 2 3 |  3.1
Armour         | 3 5 7 11 13 | 13.4
Short Blades   | 3 7 9 11 | 11.6
Shields        | 1 |  1.8

Action                   |  1- 3 |  4- 6 |  7- 9 | 10-12 || total
-------------------------+-------+-------+-------+-------++-------
Melee: Hand axe          |    46 |   104 |    41 |       ||   191
       Headbutt          |     5 |    11 |    45 |    76 ||   137
       Punch             |       |     2 |     1 |       ||     3
       Rapier            |       |       |   200 |   312 ||   512
Invok: Berserk           |       |     3 |     3 |     6 ||    12
       Trog's Hand       |       |     1 |     1 |     3 ||     5
       Brothers in Arms  |       |       |     1 |     1 ||     2
  Use: Scroll            |       |       |       |    10 ||    10
       Potion            |       |       |       |     1 ||     1
 Stab: Sleeping          |       |     2 |       |       ||     2
Armor: Animal skin       |    13 |    29 |       |       ||    42
       Chain mail        |       |     7 |   139 |   133 ||   279
       Plate armour      |       |       |       |    47 ||    47
Dodge: Dodged            |    31 |    43 |    94 |   144 ||   312
Block: Buckler           |       |       |       |    31 ||    31
